General information
- name: BNet
- type: Ladder team game (AT/RT)
- host: Battle.net
- saver: TIE_HACK
map: RiverOfSouls
- players: 6
- length: 30:15
- speed: Fast
- version: 1.24 W3XP
- replay type: Public
» download(167 KB)
Players
team 1 (winner)
stra1ght_ballin (
purple | 58 APM | 1742 actions | 30:14)
8 Blademaster
3 Wind Walk
3 Critical Strike
1 Bladestorm
1 Mirror Image
» actions
| Assign group hotkey | 30 | |
| Basic commands | 61 | |
| Build / train | 56 | |
| Enter build submenu | 59 | |
| Enter hero's abilities submenu | 8 | |
| Remove unit from queue | 7 | |
| Right click | 956 | |
| Select / deselect | 209 | |
| Select group hotkey | 234 | |
| Use ability | 122 | |
1742 total
» units
» upgrades
» buildings
| Altar of Storms | 1 | |
| Orc Burrow | 7 | |
| War Mill | 1 | |
| Voodoo Lounge | 1 | |
| Watch Tower | 37 | |
| Stronghold | 1 | |
| Fortress | 1 | |
| Tauren Totem | 2 | |
51 total
» build order
00:09 Altar of Storms
00:13 Orc Burrow
00:43 War Mill
01:30 Voodoo Lounge
02:27 Watch Tower
02:41 Watch Tower
03:25 Watch Tower
03:28 Watch Tower
03:32 Orc Burrow
03:37 Watch Tower
04:03 Watch Tower
04:38 Watch Tower
04:41 Watch Tower
06:33 Stronghold
06:36 Watch Tower
06:37 Watch Tower
06:37 Watch Tower
08:10 Watch Tower
08:10 Watch Tower
10:50 Watch Tower
10:51 Watch Tower
10:52 Watch Tower
10:52 Watch Tower
12:22 Watch Tower
12:59 Fortress
15:43 Watch Tower
15:44 Watch Tower
15:45 Watch Tower
15:53 Tauren Totem
15:55 Tauren Totem
17:05 Watch Tower
17:07 Watch Tower
17:08 Watch Tower
17:30 Orc Burrow
17:30 Orc Burrow
17:32 Orc Burrow
17:33 Orc Burrow
17:37 Orc Burrow
20:52 Watch Tower
20:53 Watch Tower
20:53 Watch Tower
20:54 Watch Tower
20:56 Watch Tower
20:56 Watch Tower
20:57 Watch Tower
20:58 Watch Tower
21:24 Watch Tower
21:24 Watch Tower
22:02 Watch Tower
22:03 Watch Tower
22:08 Watch Tower
» items
| Scroll of Speed | 3 | |
| Lesser Clarity Potion | 4 | |
| Healing Salve | 2 | |
| Orb of Lightning | 1 | |
| Scroll of Town Portal | 1 | |
| Boots of Speed | 1 | |
| Circlet of Nobility | 1 | |
13 total
TIE_HACK (
orange | 72 APM | 2184 actions | 30:15)
8 Blademaster
3 Wind Walk
3 Critical Strike
1 Bladestorm
1 Mirror Image
» actions
| Assign group hotkey | 84 | |
| Basic commands | 23 | |
| Build / train | 89 | |
| ESC pressed | 16 | |
| Enter build submenu | 56 | |
| Enter hero's abilities submenu | 8 | |
| Give item / drop item | 1 | |
| Right click | 901 | |
| Select / deselect | 215 | |
| Select group hotkey | 610 | |
| Use ability | 181 | |
2184 total
» units
| Peon | 21 | |
| Troll Batrider | 10 | |
| Wind Rider | 3 | |
| Shaman | 4 | |
| Troll Witch Doctor | 4 | |
42 total
» upgrades
| Liquid Fire | 1 | |
| Reinforced Defenses | 1 | |
| Ranged Weapons | 3 | |
| Armor | 3 | |
| Envenomed Spears | 1 | |
| Shaman Training | 2 | |
| Witch Doctor Training | 2 | |
13 total
» buildings
| Altar of Storms | 1 | |
| Orc Burrow | 7 | |
| War Mill | 1 | |
| Voodoo Lounge | 1 | |
| Watch Tower | 42 | |
| Stronghold | 2 | |
| Fortress | 1 | |
| Beastiary | 3 | |
| Spirit Lodge | 3 | |
| Great Hall | 1 | |
62 total
» build order
00:07 Altar of Storms
00:10 Orc Burrow
00:53 War Mill
00:58 Voodoo Lounge
02:06 Orc Burrow
02:27 Watch Tower
03:02 Watch Tower
03:03 Watch Tower
03:47 Stronghold
04:05 Watch Tower
04:07 Watch Tower
05:14 Watch Tower
05:15 Watch Tower
06:25 Watch Tower
06:26 Watch Tower
06:46 Fortress
07:28 Watch Tower
07:29 Watch Tower
07:50 Beastiary
07:54 Watch Tower
07:55 Watch Tower
07:55 Watch Tower
07:58 Watch Tower
07:58 Watch Tower
08:33 Beastiary
08:51 Watch Tower
08:52 Watch Tower
09:26 Beastiary
09:29 Watch Tower
09:29 Watch Tower
09:32 Watch Tower
09:32 Watch Tower
09:37 Orc Burrow
10:26 Watch Tower
10:26 Watch Tower
10:35 Orc Burrow
10:37 Orc Burrow
11:03 Orc Burrow
11:08 Orc Burrow
12:32 Watch Tower
12:32 Watch Tower
13:37 Watch Tower
13:38 Watch Tower
15:37 Watch Tower
15:37 Watch Tower
21:09 Watch Tower
21:09 Watch Tower
21:11 Watch Tower
21:11 Watch Tower
21:12 Watch Tower
21:12 Watch Tower
21:13 Watch Tower
21:13 Watch Tower
21:14 Watch Tower
22:16 Watch Tower
22:58 Watch Tower
22:59 Watch Tower
23:20 Spirit Lodge
23:20 Spirit Lodge
23:21 Spirit Lodge
28:20 Great Hall
» items
| Lesser Clarity Potion | 5 | |
| Healing Salve | 4 | |
| Boots of Speed | 1 | |
| Orb of Lightning | 1 | |
| Tiny Great Hall | 1 | |
| Potion of Lesser Invulnerability | 1 | |
| Scroll of Healing | 3 | |
| Scroll of Protection | 2 | |
| Scroll of Town Portal | 3 | |
| Potion of Healing | 1 | |
22 total
twilight2 (
red | 25 APM | 757 actions | 30:14)
1 Blademaster
1 Wind Walk
» actions
| Assign group hotkey | 19 | |
| Basic commands | 13 | |
| Build / train | 16 | |
| Enter build submenu | 27 | |
| Enter hero's abilities submenu | 1 | |
| Right click | 343 | |
| Select / deselect | 215 | |
| Select group hotkey | 58 | |
| Use ability | 65 | |
757 total
» units
» buildings
| Altar of Storms | 1 | |
| Orc Burrow | 2 | |
| Voodoo Lounge | 1 | |
| War Mill | 1 | |
| Watch Tower | 17 | |
22 total
» build order
00:07 Altar of Storms
00:10 Orc Burrow
00:30 Voodoo Lounge
01:10 War Mill
01:58 Orc Burrow
03:08 Watch Tower
03:09 Watch Tower
03:29 Watch Tower
03:30 Watch Tower
03:32 Watch Tower
03:32 Watch Tower
03:59 Watch Tower
04:14 Watch Tower
04:16 Watch Tower
04:47 Watch Tower
05:13 Watch Tower
05:41 Watch Tower
05:43 Watch Tower
05:49 Watch Tower
05:54 Watch Tower
06:00 Watch Tower
06:10 Watch Tower
» items
| Healing Salve | 1 | |
| Lesser Clarity Potion | 2 | |
3 total
team 2 (loser)
AffLiCtioN[tR] (
pink | 77 APM | 2343 actions | 30:13)
3 Firelord
2 Summon Lava Spawn
1 Soul Burn
2 Mountain King
1 Storm Bolt
1 Thunder Clap
» actions
| Assign group hotkey | 80 | |
| Basic commands | 140 | |
| Build / train | 115 | |
| ESC pressed | 10 | |
| Enter build submenu | 41 | |
| Enter hero's abilities submenu | 5 | |
| Right click | 860 | |
| Select / deselect | 470 | |
| Select group hotkey | 520 | |
| Use ability | 102 | |
2343 total
» units
| Peasant | 32 | |
| Footman | 10 | |
| Siege Engine | 19 | |
| Mortar Team | 2 | |
| Flying Machine | 9 | |
72 total
» upgrades
| Defend | 1 | |
| Plating | 2 | |
| Barrage | 1 | |
| Lumber Harvesting | 2 | |
| Gunpowder | 3 | |
| Masonry | 1 | |
| Flare | 1 | |
| Flak Cannons | 1 | |
| Flying Machine Bombs | 1 | |
| Fragmentation Shards | 1 | |
14 total
» buildings
| Barracks | 1 | |
| Altar of Kings | 1 | |
| Farm | 11 | |
| Keep | 1 | |
| Arcane Vault | 1 | |
| Blacksmith | 1 | |
| Workshop | 4 | |
| Castle | 4 | |
| Lumber Mill | 1 | |
| Town Hall | 1 | |
| Scout Tower | 31 | |
| Guard Tower | 13 | |
| Arcane Tower | 1 | |
71 total
» build order
00:20 Barracks
00:32 Altar of Kings
00:36 Farm
01:10 Farm
02:10 Farm
03:21 Keep
04:10 Farm
04:32 Arcane Vault
05:05 Blacksmith
05:06 Farm
06:26 Workshop
06:27 Workshop
07:19 Castle
07:20 Castle
07:20 Castle
08:23 Lumber Mill
09:15 Town Hall
09:18 Scout Tower
09:19 Scout Tower
09:20 Scout Tower
09:21 Scout Tower
09:23 Scout Tower
09:29 Farm
09:31 Farm
09:51 Guard Tower
10:16 Guard Tower
10:56 Scout Tower
11:00 Scout Tower
11:03 Scout Tower
11:27 Guard Tower
11:38 Farm
11:52 Guard Tower
12:09 Scout Tower
12:10 Scout Tower
12:13 Scout Tower
12:21 Arcane Tower
13:14 Guard Tower
14:01 Scout Tower
14:03 Scout Tower
14:05 Scout Tower
14:07 Scout Tower
14:09 Scout Tower
14:10 Scout Tower
15:09 Guard Tower
15:11 Guard Tower
15:25 Guard Tower
15:54 Workshop
16:21 Guard Tower
17:42 Farm
17:45 Farm
21:51 Scout Tower
21:51 Scout Tower
21:52 Scout Tower
21:53 Scout Tower
21:53 Scout Tower
21:54 Scout Tower
21:55 Scout Tower
21:56 Scout Tower
21:57 Scout Tower
21:58 Scout Tower
21:58 Scout Tower
22:00 Scout Tower
22:01 Scout Tower
22:03 Scout Tower
22:36 Guard Tower
22:45 Guard Tower
23:05 Guard Tower
23:44 Workshop
23:50 Farm
24:12 Guard Tower
» items
| Scroll of Protection | 1 | |
| Scroll of Healing | 1 | |
| Potion of Lesser Invulnerability | 1 | |
3 total

»
MyNameisDavid (
blue | 55 APM | 1648 actions | 30:02)
4 Mountain King
2 Storm Bolt
2 Bash
» actions
| Assign group hotkey | 9 | |
| Basic commands | 9 | |
| Build / train | 98 | |
| ESC pressed | 16 | |
| Enter build submenu | 52 | |
| Enter hero's abilities submenu | 4 | |
| Right click | 792 | |
| Select / deselect | 351 | |
| Select group hotkey | 213 | |
| Use ability | 104 | |
1648 total
» units
| Peasant | 55 | |
| Rifleman | 8 | |
| Priest | 5 | |
68 total
» upgrades
| Magic Sentry | 1 | |
| Long Rifles | 1 | |
2 total
» buildings
| Altar of Kings | 2 | |
| Lumber Mill | 3 | |
| Farm | 17 | |
| Scout Tower | 35 | |
| Guard Tower | 15 | |
| Arcane Vault | 1 | |
| Keep | 2 | |
| Barracks | 3 | |
| Arcane Tower | 3 | |
| Arcane Sanctum | 2 | |
| Town Hall | 1 | |
| Blacksmith | 1 | |
| Castle | 1 | |
| Gryphon Aviary | 1 | |
87 total
» build order
00:06 Altar of Kings
00:22 Lumber Mill
00:25 Farm
01:18 Farm
02:20 Scout Tower
02:42 Guard Tower
04:38 Scout Tower
04:52 Guard Tower
04:56 Scout Tower
05:01 Scout Tower
05:09 Scout Tower
05:12 Guard Tower
05:21 Arcane Vault
05:24 Guard Tower
05:34 Scout Tower
05:48 Scout Tower
06:13 Guard Tower
06:13 Guard Tower
06:17 Scout Tower
06:28 Guard Tower
06:31 Scout Tower
06:49 Guard Tower
06:53 Keep
07:08 Barracks
07:43 Scout Tower
08:21 Guard Tower
09:11 Scout Tower
09:16 Scout Tower
09:25 Scout Tower
10:36 Arcane Tower
11:13 Scout Tower
11:19 Scout Tower
11:33 Scout Tower
12:14 Arcane Sanctum
12:18 Arcane Sanctum
12:23 Town Hall
12:31 Arcane Tower
13:21 Scout Tower
14:07 Guard Tower
14:33 Guard Tower
15:38 Lumber Mill
16:15 Scout Tower
16:15 Scout Tower
16:16 Scout Tower
16:17 Scout Tower
16:18 Scout Tower
16:19 Scout Tower
16:21 Scout Tower
16:21 Scout Tower
16:34 Barracks
16:48 Scout Tower
17:26 Blacksmith
17:35 Guard Tower
17:59 Barracks
18:17 Guard Tower
18:22 Scout Tower
18:23 Scout Tower
18:44 Farm
18:45 Farm
18:45 Farm
18:46 Farm
18:46 Farm
19:07 Scout Tower
19:07 Scout Tower
19:08 Scout Tower
19:09 Scout Tower
19:20 Guard Tower
19:44 Scout Tower
19:45 Scout Tower
19:46 Scout Tower
20:14 Guard Tower
20:17 Farm
20:18 Farm
20:19 Farm
22:14 Farm
22:15 Farm
22:16 Farm
23:36 Keep
25:01 Altar of Kings
26:18 Arcane Tower
26:23 Castle
26:40 Lumber Mill
27:14 Gryphon Aviary
28:35 Farm
28:36 Farm
28:41 Farm
28:42 Farm
» items

»
tirinus (
teal | 51 APM | 1344 actions | 26:11)
2 Keeper of the Grove
1 Entangling Roots
1 Thorns Aura
3 Priestess of the Moon
1 Scout
2 Trueshot Aura
» actions
| Assign group hotkey | 38 | |
| Basic commands | 86 | |
| Build / train | 55 | |
| Enter build submenu | 18 | |
| Enter hero's abilities submenu | 5 | |
| Remove unit from queue | 3 | |
| Right click | 543 | |
| Select / deselect | 251 | |
| Select group hotkey | 264 | |
| Use ability | 81 | |
1344 total
» units
| Wisp | 21 | |
| Archer | 10 | |
| Druid of the Talon | 6 | |
37 total
» upgrades
| Druid of the Talon Training | 1 | |
1 total
» buildings
| Altar of Elders | 1 | |
| Moon Well | 8 | |
| Ancient of War | 1 | |
| Tree of Ages | 1 | |
| Ancient of Wind | 2 | |
| Tree of Life | 3 | |
| Tree of Eternity | 1 | |
| Ancient of Wonders | 1 | |
18 total
» build order
00:05 Altar of Elders
00:26 Moon Well
00:37 Ancient of War
01:30 Moon Well
03:18 Tree of Ages
05:42 Ancient of Wind
05:43 Ancient of Wind
07:23 Tree of Life
07:35 Moon Well
07:36 Moon Well
11:16 Tree of Eternity
12:59 Tree of Life
13:02 Moon Well
13:15 Ancient of Wonders
14:15 Moon Well
14:19 Moon Well
15:19 Tree of Life
20:31 Moon Well
» items
| Lesser Clarity Potion | 2 | |
| Scroll of Regeneration | 1 | |
| Scroll of Town Portal | 1 | |
| Orb of Fire | 1 | |
5 total
Chat log
(00:11 / All) TIE_HACK: D
(00:12 / All) TIE_HACK: D
(00:12 / All) TIE_HACK: D
(00:12 / All) TIE_HACK: D
(00:13 / All) TIE_HACK: D
(00:13 / All) TIE_HACK: D
(00:14 / All) TIE_HACK: D
(00:15 / All) TIE_HACK: D
(00:15 / All) TIE_HACK: D
(00:15 / All) TIE_HACK: D
(00:16 / All) TIE_HACK: D
(00:59 / Allies) stra1ght_ballin: winamp is shitty
(01:03 / Allies) stra1ght_ballin: i need to find a better music player
(01:04 / Allies) TIE_HACK: i use wmp
(01:13 / Allies) TIE_HACK: its horribel toot tho
(01:20 / Allies) TIE_HACK: it cant even play
(01:23 / Allies) TIE_HACK: any of the nerd types of file
(01:26 / Allies) TIE_HACK: like m4a
(01:32 / Allies) stra1ght_ballin: towe ramps?
(01:33 / Allies) stra1ght_ballin: or no
(01:35 / Allies) TIE_HACK: yeah
(01:46 / Allies) TIE_HACK: thats me
(01:50 / Allies) TIE_HACK: bottom
(01:53 / Allies) TIE_HACK: top
(02:00 / Allies) stra1ght_ballin: why is mine 3x farther
(02:08 / Allies) stra1ght_ballin: incoming
(02:18 / Allies) TIE_HACK: itnerceptus
(03:37 / Allies) TIE_HACK: kot fuckging g
(03:52 / Allies) twilight2: th?
(04:30 / Allies) TIE_HACK: burrow any time
(04:32 / Allies) TIE_HACK: u feel liek it
(05:22 / All) TIE_HACK: u wont win
(05:25 / All) TIE_HACK: how about that
(05:25 / Allies) twilight2: wood?
(05:45 / Allies) TIE_HACK: yep we shoulda towered mains
(05:52 / Allies) TIE_HACK: choke points pointless
(07:11 / Allies) TIE_HACK: can u?
(08:38 / Allies) stra1ght_ballin: this is gross
(08:38 / Allies) TIE_HACK: w00d
(08:42 / Allies) stra1ght_ballin: i dont want to lpay these try hards
(08:46 / Allies) TIE_HACK: ,...
(08:47 / Allies) TIE_HACK: theyre noobs
(08:54 / Allies) stra1ght_ballin: noobs dont tower rush
(08:59 / Allies) stra1ght_ballin: they are better than me
(09:06 / Allies) twilight2: he built a barracks where my base should be
(09:08 / Allies) TIE_HACK: pick of fthose durds
(09:13 / Allies) TIE_HACK: or those
(11:51 / Allies) TIE_HACK: roots
(11:52 / Allies) TIE_HACK: care
(12:03 / Allies) stra1ght_ballin: dong
(12:44 / Allies) stra1ght_ballin: your towers are really wonky
(12:45 / Allies) stra1ght_ballin: ur bats
(12:46 / Allies) stra1ght_ballin: tp
(12:47 / Allies) stra1ght_ballin: thigns
(12:48 / Allies) stra1ght_ballin: no!
(13:17 / Allies) stra1ght_ballin: the ne expo down south
(13:20 / Allies) stra1ght_ballin: hs no proteciton
(13:44 / Allies) stra1ght_ballin: the original hu base
(15:53 / Allies) TIE_HACK: these guys earned their tie thats for sure
(18:10 / Allies) stra1ght_ballin: this creep slows attack by like 300 percent
(18:30 / Allies) stra1ght_ballin: u should bat bottom base
(20:40 / Allies) TIE_HACK: got 100 food tarnlust?
(20:44 / Allies) stra1ght_ballin: no
(20:50 / Allies) TIE_HACK: 2 bad
(24:04 / Allies) twilight2: should i take a mine?
(25:46 / Allies) stra1ght_ballin: his base has no truesight
(26:14 / All) TIE_HACK: LOL
(26:16 / Allies) stra1ght_ballin: we win
(27:01 / Allies) TIE_HACK: B SOME
(27:07 / Allies) TIE_HACK: i dont want to fight an inch from thwat tower pile
(27:38 / Allies) TIE_HACK: quick hall that
(27:40 / Allies) TIE_HACK: ask for res
(27:44 / Allies) TIE_HACK: or no
(27:46 / Allies) TIE_HACK: ur over food
(27:55 / Allies) TIE_HACK: klets do this
(27:56 / Allies) TIE_HACK: bring taurens
(27:57 / Allies) TIE_HACK: e can do it
(27:58 / Allies) TIE_HACK: come fast
(28:01 / Allies) TIE_HACK: we have lust and ward
(28:02 / Allies) TIE_HACK: come fast
(28:13 / Allies) TIE_HACK: make sure u dont tie it by mistake
(28:48 / Allies) stra1ght_ballin: bat the gyro
(29:24 / Allies) stra1ght_ballin: what a mistake!
(29:57 / All) TIE_HACK: badnoobs
(30:09 / Allies) stra1ght_ballin: lol i cant believe
(30:12 / Allies) stra1ght_ballin: they should haev been able to win